 Dungeon Crawl Stone Soup version 0.30-a0-371-gad7725a93e (webtiles) character file.

Game seed: 2615833207776532265

5103 kiwi3s the Severer (level 10, -4/91 HPs)
             Began as a Minotaur Berserker on Nov 22, 2022.
             Was an Elder of Trog.
             Slain by a vampire (8 damage)
             ... on level 10 of the Dungeon.
             The game lasted 00:09:34 (9283 turns).

kiwi3s the Severer (Minotaur Berserker)             Turns: 9283, Time: 00:09:35

Health: -4/91      AC:  7    Str: 33    XL:     10   Next: 32%
Magic:  9/9        EV: 12    Int:  4    God:    Trog [****..]
Gold:   551        SH:  0    Dex: 15    Spells: 9/9 levels left

rFire   + . .      SeeInvis .    a - +0 hand axe
rCold   . . .      Faith    +    (no shield)
rNeg    . . .      Spirit   .    t - +2 leather armour {rF+}
rPois   .          Reflect  .    (helmet restricted)
rElec   .          Harm     .    J - scarf {repulsion}
rCorr   .          Rampage  .    m - +0 pair of gloves
Will    .....                    (no boots)
Stlth   +.........               H - amulet of faith
HPRegen 0.35/turn                u - +6 ring of strength
MPRegen 0.11/turn                K - +6 ring of dexterity

@: on berserk cooldown, slowed, repel missiles, very slow
A: horns 2, retaliatory headbutt
a: Renounce Religion, Berserk, Trog's Hand, Brothers in Arms


You were on level 10 of the Dungeon.
You worshipped Trog.
Trog was greatly pleased with you.
You visited 1 branch of the dungeon, and saw 10 of its levels.

You collected 641 gold pieces.
You spent 90 gold pieces at shops.

Inventory:

Hand Weapons
 a - a +0 hand axe (weapon)
 v - a +4 dire flail
 E - a +0 war axe
Armour
 b - a +0 animal skin
 m - a +0 pair of gloves (worn)
 t - a +2 leather armour of fire resistance (worn)
 F - a +0 plate armour
 J - a scarf of repulsion (worn)
Jewellery
 u - a +6 ring of strength (left hand)
 w - a +4 ring of protection
 H - an amulet of faith (around neck)
 K - a +6 ring of dexterity (right hand)
 N - a ring of positive energy
 O - a +6 ring of dexterity
Wands
 r - a wand of flame (16)
 s - a wand of roots (3)
 G - a wand of light (6)
Scrolls
 d - a scroll of enchant weapon {unknown}
 e - 9 scrolls of identify
 f - 2 scrolls of noise {unknown}
 j - 3 scrolls of teleportation
 k - 2 scrolls of amnesia {unknown}
 o - a scroll of fog {unknown}
 q - 2 scrolls of enchant armour {unknown}
 y - a scroll of magic mapping {unknown}
 z - 4 scrolls of fear {unknown}
 C - a scroll of torment {unknown}
 D - a scroll of poison {unknown}
 I - 3 scrolls of vulnerability {unknown}
 L - a scroll of summoning {unknown}
 P - a scroll of immolation {unknown}
 Q - a scroll of blinking {unknown}
Potions
 c - 4 potions of flight {unknown}
 g - a potion of ambrosia {unknown}
 h - a potion of invisibility {unknown}
 i - a potion of lignification {unknown}
 l - 3 potions of heal wounds {unknown}
 n - a potion of attraction {unknown}
 p - a potion of cancellation {unknown}
 x - a potion of mutation {unknown}
 A - a potion of curing
 B - a potion of degeneration {unknown}
 M - a potion of brilliance {unknown}


   Skills:
 * Level 9.1 Fighting
 - Level 15.4 Axes
 + Level 5.9 Armour
 - Level 2.1 Dodging


You had 9 spell levels left.
You didn't know any spells.
Your spell library was empty.

Dungeon Overview and Level Annotations

Branches:
Dungeon (10/15)            Temple (0/1) D:7            Lair (0/5) D:8
    Orc: D:9-12

Altars:
Ashenzari
Fedhas
Gozag
Ru
Uskayaw
Zin


Innate Abilities, Weirdness & Mutations

You have a pair of horns on your head.
You reflexively headbutt those who attack you in melee.


Message History

You slash something! You barely miss something.
You feel sick. Something draws life force from you!
You are too injured to fight recklessly!
You hit something but do no damage.
You feel sick.
Unknown command.
You closely miss something. Your headbutt misses something.
A two-headed ogre comes into view.
It is wielding a +0 giant spiked club and a +0 giant club.
Something hits you but does no damage. Something bites you.
Something draws strength from your injuries!
The ogre mage gestures wildly while chanting.
The ogre mage flickers and vanishes!
You feel yourself speed up.
You feel sick.
You are too berserk!
You miss something.
You feel sick.
You are no longer poisoned.
Unknown command.
You closely miss something.
You are no longer berserk.
You are exhausted.
You feel yourself slow down. Something hits you! Something bites you.
* * * LOW HITPOINT WARNING * * *
Something draws strength from your injuries!
Unknown command.
You are too injured to fight recklessly!
You miss something. Something hits you.
* * * LOW HITPOINT WARNING * * *
Something completely misses you.
As you read the scroll labelled KANEG BAYSS, it crumbles to dust.
It is a scroll of identify.
j - 3 scrolls of teleportation Something hits you!
* * * LOW HITPOINT WARNING * * *
Something bites you!
* * * LOW HITPOINT WARNING * * *
Something draws strength from your injuries!
You feel better. Something hits you!
* * * LOW HITPOINT WARNING * * *
Something bites you!
You die...

#######
.......
.......
.......
.......
#....
$.#....####
.(....TO..#
c.#....##@##
#....#...#
....O..#..[#
...{...#...#
.O.....#.###
.......#.##
#########..#
#.....<....#
#..........#


You could see a two-headed ogre and a troll.

Vanquished Creatures
  A two-headed ogre (D:9)
  Maggie (D:9)
  2 hornets
  3 yaks (D:9)
  2 wyverns
  Eustachio (D:4)
  A steam dragon (D:8)
  2 vampire mosquitoes (D:7)
  Menkaure (D:4)
  A water moccasin (D:7)
  3 orc warriors
  3 black bears
  A sky beast (D:7)
  An ice beast (D:7)
  3 centaurs (D:9)
  Blork the orc (D:4)
  2 bullfrogs
  The ghost of hikkokomori the Conjurer, an amateur VSCj (D:3)
  A necrophage (D:7)
  A gnoll sergeant (D:7)
  4 scorpions
  An electric eel (D:7)
  2 howler monkeys (D:9)
  A hound (D:4)
  A jelly (D:5)
  A gnoll bouda (D:4)
  2 iguanas
  8 orc wizards
  15 gnolls
  7 adders
  2 ufetubi
  7 dart slugs
  2 worms (D:2)
  38 orcs
  10 endoplasms
  3 giant cockroaches
  5 goblins
  9 hobgoblins
  2 quokkas
  5 ball pythons
  5 bats
  3 frilled lizards (D:1)
  7 kobolds
  5 rats
177 creatures vanquished.

Notes
Turn   | Place    | Note
-------+----------+-------------------------------------------
     0 | D:1      | kiwi3s the Minotaur Berserker began the quest for the Orb.
     0 | D:1      | Reached XP level 1. HP: 19/19 MP: 0/0
    50 | D:1      | Reached skill level 4 in Axes
    77 | D:1      | Reached XP level 2. HP: 23/26 MP: 1/1
   287 | D:1      | Reached ** piety under Trog
   334 | D:1      | Reached skill level 5 in Axes
   439 | D:1      | Reached XP level 3. HP: 29/31 MP: 2/2
   619 | D:2      | Found a faded altar of an unknown god.
  1057 | D:2      | Reached skill level 6 in Axes
  1057 | D:2      | Reached XP level 4. HP: 37/39 MP: 3/3
  1673 | D:3      | Found a runed translucent door.
  1983 | D:3      | Reached XP level 5. HP: 45/45 MP: 4/4
  2074 | D:3      | Reached skill level 7 in Axes
  2302 | D:3      | Noticed hikkokomori's ghost (amateur VSCj)
  2424 | D:3      | Killed hikkokomori's ghost
  2468 | D:4      | Noticed Blork the orc
  2502 | D:4      | Noticed a black bear
  2511 | D:4      | Killed a black bear
  2512 | D:4      | Reached skill level 8 in Axes
  2512 | D:4      | Reached XP level 6. HP: 51/51 MP: 5/5
  2666 | D:4      | Noticed Menkaure
  2692 | D:4      | Killed Menkaure
  2693 | D:4      | Reached skill level 9 in Axes
  2885 | D:4      | Noticed Eustachio
  3008 | D:4      | Killed Eustachio
  3009 | D:4      | Reached skill level 10 in Axes
  3009 | D:4      | Reached XP level 7. HP: 12/57 MP: 6/6
  3173 | D:4      | Found a broken altar of Ashenzari.
  3309 | D:4      | Killed Blork the orc
  3441 | D:4      | Found a sacrificial altar of Ru.
  3891 | D:5      | Entered Level 5 of the Dungeon
  3896 | D:5      | Reached *** piety under Trog
  3961 | D:5      | Reached skill level 11 in Axes
  4475 | D:5      | Reached XP level 8. HP: 64/64 MP: 7/7
  5011 | D:6      | Found Zin's Purification Station.
  5015 | D:6      | Found a glowing silver altar of Zin.
  5028 | D:6      | Bought a potion of curing for 90 gold pieces
  5297 | D:6      | Reached skill level 12 in Axes
  5954 | D:7      | Reached skill level 13 in Axes
  6120 | D:7      | Reached skill level 14 in Axes
  6221 | D:7      | Reached XP level 9. HP: 23/70 MP: 8/8
  6570 | D:7      | Found a staircase to the Ecumenical Temple.
  6827 | D:8      | Reached **** piety under Trog
  6833 | D:8      | Reached skill level 15 in Axes
  6910 | D:8      | Found a staircase to the Lair.
  7818 | D:9      | Found a blossoming altar of Fedhas.
  7818 | D:9      | Found an opulent altar of Gozag.
  7939 | D:9      | Found a hide-covered altar of Uskayaw.
  7978 | D:9      | Reached skill level 5 in Fighting
  8196 | D:9      | Noticed Maggie
  8209 | D:9      | Killed Maggie
  8231 | D:9      | Reached XP level 10. HP: 26/86 MP: 9/9
  8506 | D:9      | Reached skill level 5 in Armour
  8760 | D:9      | Noticed a two-headed ogre
  8768 | D:9      | Killed a two-headed ogre
  9077 | D:10     | Entered Level 10 of the Dungeon
  9267 | D:10     | Noticed a two-headed ogre
  9272 | D:10     | Noticed a two-headed ogre
  9272 | D:10     | Noticed an ogre mage
  9277 | D:10     | Noticed a two-headed ogre
  9282 | D:10     | HP: 4/91 [something (12)]
  9283 | D:10     | Slain by a vampire

Illustrated notes

Levels and vault maps discovered:
D:1:      dreamdust_arrival_sigmund_warning, layout_basic
D:2:      minmay_angry_zag, layout_basic, shapermc_ecumenical_altar_ellora
D:3:      layout_loops_ring, ebering_ghost_reflecting_pool,
          minmay_misc_feat_doors
D:4:      layout_loops_ring, nicolae_ru_awakened_eye,
          mainiacjoe_overflow_boulevard, grunt_ministairs_3,
          minmay_misc_feat_pillars, uniq_menkaure, uniq_blork_the_orc,
          uniq_eustachio
D:5:      layout_loops_ring, small_statue_intersection, hex_tiny
D:6:      layout_basic, zin_purify
D:7:      layout_basic, minmay_temple_entry_antechambers, kennysheep_cross_room
D:8:      layout_loops_ring, dpeg_oklobed_lair, minmay_liquid_box
D:9:      layout_rooms, gammafunk_temple_overflow_forgotten, uniq_maggie
D:10:     layout_rooms, david_orc_1_choice, serial_shops, nicolae_diamond_shop,
          kennysheep_generic_room_2

Skill      XL: |  1  2  3  4  5  6  7  8  9 10 |
---------------+-------------------------------+-----
Axes           | 4 5 6 8 10 11 14 15 | 15.4
Fighting       | 7 9 |  9.1
Armour         | 4 5 |  5.9
Dodging        | |  2.1

Action                   |  1- 3 |  4- 6 |  7- 9 | 10-12 || total
-------------------------+-------+-------+-------+-------++-------
Melee: Hand axe          |    80 |   109 |   323 |    40 ||   552
       Headbutt          |    10 |    10 |    57 |     4 ||    81
       Punch             |       |       |     6 |       ||     6
Invok: Berserk           |       |     5 |     5 |     3 ||    13
       Trog's Hand       |       |       |     1 |       ||     1
  Use: Scroll            |       |       |       |     1 ||     1
       Potion            |       |       |       |     1 ||     1
 Stab: Sleeping          |       |     1 |       |       ||     1
Armor: Animal skin       |     9 |    16 |       |       ||    25
       Leather armour    |       |       |    81 |     7 ||    88
Dodge: Dodged            |    50 |    53 |   119 |    20 ||   242

Table legend: (Time is in decaauts)
 A = Elapsed time spent in this place.
 B = Non-inter-level travel time spent in this place.
 C = Inter-level travel time spent in this place.
 D = Time resting spent in this place.
 E = Time spent auto-exploring this place.
 F = Levels seen in this place.
 G = Mean time per level.
                   A        B        C        D        E       F      G
               +--------+--------+--------+--------+--------+-----+--------+
         Total |   9274 |   8918 |    356 |   1866 |   6001 |  10 |  927.4 |
       Dungeon |   9274 |   8918 |    356 |   1866 |   6001 |  10 |  927.4 |
               +--------+--------+--------+--------+--------+-----+--------+

Top non-repeatable levels by time:
     D:4: 1364 daAuts
     D:9: 1298 daAuts
     D:8: 1049 daAuts
     D:2: 1032 daAuts
     D:6: 1025 daAuts
     D:3: 940 daAuts
     D:7: 910 daAuts
     D:5: 860 daAuts
     D:1: 597 daAuts
    D:10: 195 daAuts
